AoeStats
← SpaceWolf

African Clearing

510443285Analyzed
2v2 RM · 16h ago on Oct 1, 2026· 29m 40s· 4 players
Game mode
Random Map
Map size
Medium (4 player)
Population
200
Speed
Normal
Resources
Standard
Victory
Conquest
Starting age
Dark Age
Ending age
Imperial Age
RankedLock teamsTeams togetherTeam positionsShared explorationLock speedFull tech treeHidden civsTurbo modeCheats
Victory
Defeat
🇺🇸 Persians · United States
1462
+14
🇺🇸 Varangians · United States
1446
+15
🇬🇹 Italians · Guatemala
1424
-15
🇬🇹 Berbers · Guatemala
1411
-14
Mr_Fox
8:32 Loom
13:23 Feudal Age
17:19 Castle Age
15:33 Double-Bit Axe
15:41 Gold Mining
19:12 Fletching
21:02 Bodkin Arrow
23:50 Padded Archer Armor
25:02 Ballistics
Ares2809
4:42 Loom
14:23 Feudal Age
15:24 Double-Bit Axe
18:57 Castle Age
17:10 Gold Mining
18:19 Fletching
18:26 Stone Mining
HaleDuck
7:46 Loom
12:08 Feudal Age
15:54 Castle Age
13:52 Double-Bit Axe
15:22 Scale Mail Armor
18:36 Squires
18:33 Gambesons
22:33 Chain Mail Armor
24:16 Arson
SpaceWolf
2:50 Loom
12:46 Feudal Age
16:33 Castle Age
16:09 Fletching
17:00 Bodkin Arrow
18:05 Double-Bit Axe
22:09 Ballistics
23:25 Padded Archer Armor
24:41 Parthian Tactics
28:19 Wheelbarrow
29:28 Horse Collar
30:15 Bow Saw
Connection lost

Rejoining the realm…

Still unreachable

The connection could not be restored.

Session expired

The server has moved on; the page needs a fresh start.